 Dungeon Crawl Stone Soup version 0.22-a0-570-g58866f5 (webtiles) character file.

8273 nikopol the Thaumaturge (level 11, -2/54 HPs)
             Began as a Deep Elf Fire Elementalist on June 30, 2018.
             Was a Believer of Vehumet.
             Slain by a death yak (29 damage)
             ... on level 10 of the Dungeon.
             The game lasted 00:37:43 (12289 turns).

nikopol the Thaumaturge (DEFE)                     Turns: 12289, Time: 00:37:43

Health: -2/54      AC:  4    Str:  5    XL:     11   Next: 7%
Magic:  3/29       EV: 15    Int: 24    God:    Vehumet [**....]
Gold:   694        SH:  5    Dex: 15    Spells: 16/35 levels left

rFire    . . .     SeeInvis .   (no weapon)
rCold    . . .     Gourm    .   q - +0 buckler
rNeg     . . .     Faith    .   a - +0 robe
rPois    .         Spirit   .   s - +0 helmet
rElec    .         Reflect  .   (no cloak)
rCorr    .         Harm     .   m - +0 pair of gloves
MR       +....                  (no boots)
Stlth    +++.......             (no amulet)
HPRegen  0.18/turn              z - +1 ring of evasion
MPRegen  0.21/turn              (no ring)

@: no status effects
A: no striking features
a: Renounce Religion


You were on level 10 of the Dungeon.
You worshipped Vehumet.
Vehumet was pleased with you.
You were not hungry.

You visited 2 branches of the dungeon, and saw 11 of its levels.
You also visited: Sewer.

You collected 694 gold pieces.

Inventory:

Armour
 a - a +0 robe (worn)
 m - a +0 pair of gloves (worn)
 q - a +0 buckler (worn)
 s - a +0 helmet (worn)
Jewellery
 b - an uncursed ring of wizardry {unknown}
 z - a +1 ring of evasion (left hand)
 F - an uncursed ring of wizardry {unknown}
Wands
 o - a wand of iceblast (24)
 A - a wand of flame (28)
 D - a wand of enslavement (13)
Scrolls
 e - 4 scrolls of teleportation
 f - 8 scrolls of identify
 j - 2 scrolls of enchant weapon
 k - 8 scrolls of remove curse
 n - 5 scrolls of amnesia
 p - 4 scrolls of enchant armour {unknown}
 w - a scroll of random uselessness {unknown}
 y - 4 scrolls of fog {unknown}
 C - a scroll of holy word {unknown}
 E - a scroll of torment {unknown}
Potions
 d - a potion of heal wounds
 g - 8 potions of curing
 h - 6 potions of might {unknown}
 i - 2 potions of mutation {unknown}
 l - a potion of degeneration {unknown}
 r - a potion of agility {unknown}
 t - a potion of berserk rage {unknown}
 u - a potion of brilliance {unknown}
 v - 2 potions of flight {unknown}
 x - 2 potions of cancellation {unknown}
 B - a potion of invisibility {unknown}
Comestibles
 c - 24 rations
 G - 10 chunks of flesh


   Skills:
 + Level 0.3 Fighting
 + Level 4.0 Dodging
 + Level 4.7 Stealth
 + Level 4.8 Shields
 + Level 12.9 Spellcasting
 + Level 9.2 Conjurations
 + Level 1.2 Translocations
 + Level 9.9 Fire Magic


You had 16 spell levels left.
You knew the following spells:

 Your Spells              Type           Power        Failure   Level  Hunger
a - Flame Tongue          Conj/Fire      #####        1%          1    None
b - Throw Flame           Conj/Fire      ######       1%          2    None
c - Conjure Flame         Conj/Fire      ######..     1%          3    None
d - Sticky Flame          Conj/Fire      ######..     1%          4    None
e - Fireball              Conj/Fire      ######....   2%          5    ###....
f - Force Lance           Conj/Tloc      #####...     4%          4    None

Your spell library contained the following spells:

 Spells                   Type           Power        Failure   Level  Hunger
 Magic Dart               Conj           ####         1%          1    None
 Iskenderun's Mystic Bla  Conj           ######..     1%          4    None
 Inner Flame              Hex/Fire       #####...     1%          3    None
 Fulminant Prism          Conj/Hex       #####.....   6%          4    None
 Dazzling Spray           Conj/Hex       #####.       1%          3    None
 Searing Ray              Conj           ######       1%          2    None


Dungeon Overview and Level Annotations

Branches:
Dungeon (10/15)            Temple (1/1) D:7             Orc (0/2) D:9
   Lair: D:8-11

Altars:
Ashenzari
Cheibriados
Dithmenos
Elyvilon
Fedhas
Hepliaklqana
Kikubaaqudgha
Makhleb
Nemelex Xobeh
Okawaru
Ru
Sif Muna
Uskayaw
Vehumet
Wu Jian
Xom
Yredelemnul
Zin
The Shining One

Shops:
D:6 }


Message History

Casting: Fireball (safe; 2% risk of failure)
Confirm with . or Enter, or press ? or * to list all spells.
Aiming: Fireball (safe; 2% risk of failure)
Press: ? - help, Shift-Dir - straight line, f/p - death yak
Aim: a death yak (moderately wounded)
The fireball explodes!
The fireball engulfs the death yak.
The death yak is severely wounded.
Casting: Fireball (safe; 2% risk of failure)
Confirm with . or Enter, or press ? or * to list all spells.
Aiming: Sticky Flame (safe; 1% risk of failure)
Press: ? - help, Shift-Dir - straight line, f/p - death yak
Aim: a death yak (flame, severely wounded)
The sticky flame hits the death yak.
The death yak is severely wounded.
The death yak is covered in liquid flames!
The death yak burns!
The death yak is engulfed in blazing flames.
The death yak gores you!!
Ouch! That really hurt!
You die...

.... #.#......######## #.
#... ##.#.............# #.
##...######....รท...........#
#.
Y............#.............#
#.
...........................#
##
......Y......##.#.##.......#
##...######.......##.......#
#. ##.##.#.##.......#
#.Y@...########## ####.####
#.......#######
#.##.##.......##
#.##.##.#####..#####
#.##...<...#.#.#.#.#
#.#####.###.#.#.#.#.
#.#####.##.#.#.#.#.#
#.........#.#.#.#.#.


You could see a death yak (burning).

Vanquished Creatures
  2 two-headed ogres
  A death yak (D:10)
  Sigmund (D:6)
  A yak (D:7)
  A human (D:7)
  3 hogs (D:7)
  Edmund (D:6)
  A water moccasin (D:9)
  Duvessa (D:4)
  3 black bears
  A sky beast (D:9)
  An ice beast (D:9)
  5 ogres
  A hornet zombie (D:10)
  2 orc warriors
  3 phantoms
  2 necrophages
  4 centaurs
  A crocodile (Sewer)
  A big kobold (D:8)
  4 bullfrogs
  Dowan (D:5)
  9 killer bees
  3 scorpions
  4 jellies
  13 wights (D:9)
  9 howler monkeys
  3 centaur zombies
  A crimson imp (D:9)
  A quasit (D:6)
  4 hounds (D:9)
  A gnoll shaman (D:7)
  3 orc priests
  2 centaur skeletons
  2 orc wizards
  Terence (D:3)
  4 iguanas
  4 worker ants
  2 killer bee zombies
  A howler monkey zombie (D:9)
  A worker ant zombie (D:9)
  6 adders
  3 gnolls (D:7)
  2 river rats
  2 oozes
  An adder zombie (D:7)
  3 adder skeletons
  5 worms
  5 leopard geckos
  23 orcs
  5 giant cockroaches
  4 goblins
  6 hobgoblins
  10 jackals
  13 kobolds
  3 quokkas
  A ball python (D:4)
  3 bats
  2 frilled lizards
  3 rats
209 creatures vanquished.

Notes
Turn   | Place    | Note
-------+----------+-------------------------------------------
     0 | D:1      | nikopol the Deep Elf Fire Elementalist began the quest for the Orb.
     0 | D:1      | Reached XP level 1. HP: 10/10 MP: 6/6
    40 | D:1      | Found a snail-covered altar of Cheibriados.
   162 | D:1      | Reached XP level 2. HP: 15/15 MP: 1/8
  1007 | D:2      | Found a faded altar of an unknown god.
  1009 | D:2      | Reached XP level 3. HP: 19/19 MP: 7/9
  1013 | D:2      | Learned a level 2 spell: Throw Flame
  1017 | D:2      | Learned a level 3 spell: Conjure Flame
  1277 | D:3      | Noticed Terence
  1546 | D:3      | Noticed a bullfrog
  1968 | D:3      | Killed a bullfrog
  1968 | D:3      | Reached skill level 4 in Spellcasting
  1968 | D:3      | Reached XP level 4. HP: 24/24 MP: 2/12
  2156 | D:3      | Reached XP level 5. HP: 28/28 MP: 9/13
  2174 | D:3      | Learned a level 4 spell: Sticky Flame
  2351 | D:3      | Reached skill level 1 in Shields
  2351 | D:3      | Reached skill level 5 in Fire Magic
  2687 | D:3      | Killed Terence
  2909 | D:4      | Reached skill level 5 in Spellcasting
  2909 | D:4      | Reached XP level 6. HP: 32/32 MP: 12/15
  2949 | D:4      | Found a glowing drain.
  3026 | Sewer    | Entered a sewer
  3760 | D:4      | Found a sacrificial altar of Ru.
  3813 | D:4      | Reached XP level 7. HP: 36/36 MP: 6/17
  3887 | D:4      | Learned a level 5 spell: Fireball
  4071 | D:4      | Found a hazy altar of Hepliaklqana.
  4126 | D:4      | Found an ornate altar of the Wu Jian Council.
  4132 | D:5      | Entered Level 5 of the Dungeon
  4251 | D:5      | Reached skill level 6 in Spellcasting
  4426 | D:5      | Found a shattered altar of Ashenzari.
  4495 | D:5      | Noticed Dowan
  4498 | D:5      | Noticed Duvessa
  4506 | D:5      | Killed Dowan
  4633 | D:4      | Killed Duvessa
  4770 | D:5      | Found a deep blue altar of Sif Muna.
  4770 | D:5      | Found a sparkling altar of Nemelex Xobeh.
  4770 | D:5      | Found a snail-covered altar of Cheibriados.
  5036 | D:6      | Noticed Sigmund
  5046 | D:6      | Killed Sigmund
  5046 | D:6      | Reached XP level 8. HP: 41/41 MP: 10/20
  5124 | D:6      | Noticed Edmund
  5156 | D:6      | Killed Edmund
  5156 | D:6      | Reached skill level 7 in Spellcasting
  5194 | D:6      | Reached skill level 5 in Conjurations
  5492 | D:6      | Found a white marble altar of Elyvilon.
  5580 | D:6      | Found Oroa's Gadget Shoppe.
  6314 | D:7      | Reached skill level 8 in Spellcasting
  6536 | D:7      | Reached XP level 9. HP: 45/45 MP: 4/23
  7257 | D:7      | Reached skill level 9 in Spellcasting
  7527 | D:7      | Learned a level 4 spell: Force Lance
  8136 | D:7      | Found a staircase to the Ecumenical Temple.
  8145 | Temple   | Entered the Ecumenical Temple
  8288 | Temple   | Became a worshipper of Vehumet
  8449 | D:7      | Reached skill level 1 in Translocations
  8648 | D:8      | Noticed a two-headed ogre
  8653 | D:8      | Killed a two-headed ogre
  8653 | D:8      | Reached skill level 10 in Spellcasting
  8653 | D:8      | Reached XP level 10. HP: 50/50 MP: 6/26
  9109 | D:8      | You fall through a shaft for 2 floors!
  9109 | D:10     | Entered Level 10 of the Dungeon
  9109 | D:10     | Found a shimmering altar of Xom.
  9157 | D:10     | Noticed a two-headed ogre
  9168 | D:10     | Killed a two-headed ogre
  9341 | D:10     | Reached skill level 11 in Spellcasting
  9669 | D:10     | Reached * piety under Vehumet
  9669 | D:10     | Offered knowledge of Freeze by Vehumet.
  9972 | D:9      | Found a staircase to the Orcish Mines.
 10591 | D:9      | Found an iron altar of Okawaru.
 10796 | D:9      | Reached skill level 12 in Spellcasting
 11124 | D:9      | Found a glowing silver altar of Zin.
 11540 | D:9      | Reached ** piety under Vehumet
 11540 | D:9      | Offered knowledge of Shock by Vehumet.
 12267 | D:10     | Noticed a death yak
 12269 | D:10     | Noticed a death yak
 12284 | D:10     | Noticed a death yak
 12285 | D:10     | Killed a death yak
 12285 | D:10     | Reached XP level 11. HP: 27/54 MP: 21/29
 12289 | D:10     | Slain by a death yak

Vault maps used:
D:1:      elethiomel_arrival_quiet, cheibriados_altar_1
D:2:      chequers_ecumenical_altar_island, due_unseen_surprise
D:3:      serial_bayou_pond_e, uniq_terence
D:4:      black_bear_nest_1, hangedman_ru_absence, lemuel_round_altar,
          kennysheep_mini, first_ration, cheibrodos_sewer_entry_sluice
D:5:      gammafunk_temple_overflow_claw, cheibrodos_ashenzari_chains,
          uniq_duvessa
D:6:      elyvilon_altar_5, serial_shops, nicolae_shop_crystal,
          sigmund_edmund_badplayer
D:7:      temple_hall, grunt_livestock
D:8:      minmay_unpleasant_kobolds
D:9:      minmay_the_grid_octo_tiled_octocenter, zin_scriptorium, basic_altar
D:10:     dpeg_lair_monsters, minivault_23, xom_teletrap_fun
Temple:   dpeg_chambers_temple
Sewer:    sewer_the_crocodile

Skill      XL: |  1  2  3  4  5  6  7  8  9 10 |
---------------+-------------------------------+-----
Fire Magic     | 4 5 6 7 8 9 |  9.9
Stealth        | 3 4 |  4.7
Spellcasting   | 4 5 6 8 10 12 | 12.9
Conjurations   | 2 3 4 6 7 9 |  9.2
Shields        | 1 2 4 |  4.8
Dodging        | 3 4 |  4.0
Translocations | 1 |  1.2
Fighting       | |  0.3

Action                   |  1- 3 |  4- 6 |  7- 9 | 10-12 || total
-------------------------+-------+-------+-------+-------++-------
 Cast: Flame Tongue      |    85 |    77 |   157 |   149 ||   468
       Conjure Flame     |     4 |     3 |    16 |    10 ||    33
       Throw Flame       |     1 |     5 |    20 |    29 ||    55
       Sticky Flame      |       |     1 |    11 |    24 ||    36
       Fireball          |       |       |    14 |    12 ||    26
       Force Lance       |       |       |     3 |     5 ||     8
  Use: Scroll            |       |     9 |     1 |     1 ||    11
  Eat: Chunk             |     3 |     7 |    14 |     5 ||    29
       Ration            |       |       |     1 |     2 ||     3
Armor: Robe              |     3 |     3 |     3 |     4 ||    13
Dodge: Dodged            |    18 |     8 |    30 |    33 ||    89
Block: Buckler           |       |     2 |    13 |    10 ||    25

Table legend:
 A = Spawn XP
 B = Non-spawn XP
 C = Spawn XP percentage of total XP
 D = Spawn monster count
 E = Non-spawn monster count
 F = Spawn count percentage of total count
 G = Total turns spent on level
                    A         B        C        D         E        F      G
               +---------+---------+-------+---------+---------+-------+---------
         Total |       0 |   11819 |   0.0 |       0 |     209 |   0.0 | 12289
               +---------+---------+-------+---------+---------+-------+---------
           D:1 |       0 |      25 |   0.0 |       0 |      14 |   0.0 |   721
           D:2 |       0 |      18 |   0.0 |       0 |      10 |   0.0 |   720
           D:3 |       0 |     297 |   0.0 |       0 |      27 |   0.0 |  1460
           D:4 |       0 |     466 |   0.0 |       0 |      21 |   0.0 |  1161
           D:5 |       0 |     284 |   0.0 |       0 |       8 |   0.0 |   604
           D:6 |       0 |     990 |   0.0 |       0 |      13 |   0.0 |  1358
           D:7 |       0 |    2596 |   0.0 |       0 |      34 |   0.0 |  2220
           D:8 |       0 |    1205 |   0.0 |       0 |       9 |   0.0 |   891
           D:9 |       0 |    2683 |   0.0 |       0 |      50 |   0.0 |  2004
          D:10 |       0 |    3145 |   0.0 |       0 |      17 |   0.0 |   666
         Sewer |       0 |     110 |   0.0 |       0 |       6 |   0.0 |   319
               +---------+---------+-------+---------+---------+-------+---------
